 Dungeon Crawl Stone Soup version 0.29.1-15-g9cfb28693d (webtiles) character file.

Game seed: 6872552202658179867

3551 safid the Frost Mage (level 10, 0/80 HPs)
             Began as a Merfolk Ice Elementalist on Feb 23, 2023.
             Was a Follower of Vehumet.
             Killed from afar by Maggie (27 damage)
             ... with a bolt of fire
             ... on level 8 of the Dungeon.
             The game lasted 00:24:45 (8915 turns).

safid the Frost Mage (Merfolk Ice Elementalist)     Turns: 8915, Time: 00:24:45

Health: 0/80       AC: 14    Str: 10    XL:     10   Next: 9%
Magic:  16/20      EV: 12    Int: 20    God:    Vehumet [*.....]
Gold:   460        SH:  0    Dex: 11    Spells: 11/22 levels left

rFire   . . .      SeeInvis .   C - +7 sling of Zin's Inspiration {venom, rPois rC++ Int+2 Dex-3}
rCold   + + .      Faith    .   (no shield)
rNeg    + . .      Spirit   .   J - +2 robe {Will+}
rPois   +          Reflect  .   (no helmet)
rElec   .          Harm     .   i - +0 cloak
rCorr   .          Rampage  .   (no gloves)
Will    +....                   n - +0 pair of boots
Stlth   ++........              L - amulet of the acrobat
HPRegen 0.23/turn               r - ring of positive energy
MPRegen 0.17/turn               M - ring of wizardry

@: ice-armoured, freezing walls, mesmerised
A: (nimble swimmer 2), mertail
a: Renounce Religion


You were on level 8 of the Dungeon.
You worshipped Vehumet.
Vehumet was aware of your devotion.
You visited 2 branches of the dungeon, and saw 9 of its levels.

You collected 460 gold pieces.

Inventory:

Hand Weapons
 y - the +5 spear "Ugoischez" {flame, *Slow rPois Int+6 SInv}
   (You found it on level 6 of the Dungeon)

   It burns those it strikes, dealing additional fire damage.
   Int:       It affects your intelligence (+6).
   rPois:     It protects you from poison.
   SInv:      It lets you see invisible.
   *Slow:     It may slow you when you take damage.
 C - the +7 sling of Zin's Inspiration (weapon) {venom, rPois rC++ Int+2 Dex-3}
   (You found it on level 5 of the Dungeon)

   Any ammunition fired from it poisons the flesh of those it strikes.
   Int:       It affects your intelligence (+2).
   Dex:       It affects your dexterity (-3).
   rC:        It greatly protects you from cold.
   rPois:     It protects you from poison.
Missiles
 o - 36 poisoned darts
 D - a curare-tipped dart
 I - 6 javelins
Armour
 i - a +0 cloak (worn)
 n - a +0 pair of boots (worn)
 J - a +2 robe of willpower (worn)
Magical Staves
 G - a staff of cold
Jewellery
 r - a ring of positive energy (left hand)
 F - a ring of poison resistance
 L - an amulet of the acrobat (around neck)
 M - a ring of wizardry (right hand)
Wands
 p - a wand of digging (4)
 w - a wand of light (18)
 K - a wand of iceblast (5)
Scrolls
 a - a scroll of poison {unknown}
 c - 6 scrolls of enchant weapon {unknown}
 e - 4 scrolls of immolation {unknown}
 f - a scroll of amnesia {unknown}
 h - a scroll of silence {unknown}
 j - 5 scrolls of identify {unknown}
 q - a scroll of magic mapping {unknown}
 s - a scroll of acquirement {unknown}
 u - 4 scrolls of teleportation {unknown}
 v - a scroll of fog {unknown}
 z - a scroll of enchant armour {unknown}
 A - a scroll of noise {unknown}
 E - a scroll of blinking {unknown}
Potions
 b - a potion of magic
 d - 3 potions of curing
 g - 3 potions of heal wounds {unknown}
 k - a potion of attraction {unknown}
 l - 3 potions of haste
 m - a potion of brilliance {unknown}
 t - 3 potions of degeneration {unknown}
 x - a potion of cancellation {unknown}
 B - a potion of flight {unknown}
 H - a potion of lignification {unknown}


   Skills:
 + Level 7.7 Fighting
 - Level 2.6 Dodging
 - Level 2.1 Stealth
 + Level 6.8 Spellcasting
 + Level 9.0 Ice Magic
 + Level 7.3 Poison Magic


You had 11 spell levels left.
You knew the following spells:

 Your Spells              Type           Power      Damage    Failure   Level
a - Freeze                Ice            100%       1d11      1%          1
b - Frozen Ramparts       Ice            86%        1d13      1%          3
c - Ozocubu's Armour      Ice            43%        N/A       1%          3
d - Olgreb's Toxic Radia  Pois           36%        N/A       1%          4

Your spell library contained the following spells:

 Spells                   Type           Power      Damage    Failure   Level
 Foxfire                  Conj/Fire      24%        2x1d5     4%          1
 Sting                    Tmut/Pois      84%        1d7       1%          1
 Poisonous Vapours        Pois/Air       42%        N/A       1%          2
 Slow                     Hex            24%        N/A       4%          1
 Ignite Poison            Fire/Tmut/Pois 16%        N/A       4%          3
 Mephitic Cloud           Conj/Pois/Air  16%        N/A       4%          3
 Scorch                   Fire           12%        2d6       6%          2
 Hailstorm                Conj/Ice       24%        3d7       6%          4
 Confusing Touch          Hex            6%         N/A       12%         3
 Dazzling Flash           Conj/Hex       12%        N/A       12%         3
 Inner Flame              Hex/Fire       6%         N/A       12%         3
 Portal Projectile        Hex/Tloc       12%        N/A       12%         3
 Tukima's Dance           Hex            6%         N/A       12%         3
 Vampiric Draining        Necr           6%         2d6       12%         3
 Corpse Rot               Necr/Pois/Air  16%        N/A       14%         4
 Freezing Cloud           Conj/Ice/Air   9%         6-21      30%         5
 Cause Fear               Hex            3%         N/A       34%         4
 Flame Wave               Conj/Fire      6%         2d5       34%         4
 Iskenderun's Mystic Bla  Conj/Tloc      6%         2d4       34%         4
 Blade Hands              Tmut           3%         N/A       69%         5
 Starburst                Conj/Fire      3%         6d3       99%         6
 Summon Cactus Giant      Summ           3%         N/A       99%         6
 Discord                  Hex            3%         N/A       100%        8


Dungeon Overview and Level Annotations

Branches:
Dungeon (8/15)             Temple (1/1) D:5            Lair (0/5) D:8

Altars:
Ashenzari
Dithmenos
Elyvilon
Fedhas
Gozag
Hepliaklqana
Kikubaaqudgha
Makhleb
Nemelex Xobeh
Okawaru
Qazlal
Ru
Sif Muna
Trog
Uskayaw
Vehumet
Wu Jian
Yredelemnul
Zin
The Shining One

Shops:
D:1 [   D:3 [

Annotations:
D:8 Maggie


Innate Abilities, Weirdness & Mutations

((You are very nimble when in or above water. (Stealth+, EV+, Speed+++)))
Your lower body shifts to a powerful aquatic tail in water.


Message History

Maggie gestures wildly while chanting.
Maggie draws you further into her thrall.
The necrophage completely resists.
The wall freezes the necrophage but does no damage.
The necrophage hits you but does no damage.
You shoot a sling bullet.
The sling bullet closely misses the necrophage.
The necrophage resists.
The wall freezes the necrophage.
The necrophage misses you. Maggie gestures at you while chanting.
The bolt of fire misses you.
Unknown command.
You shoot a sling bullet. The sling bullet hits the necrophage.
You destroy the necrophage!
Vehumet accepts your kill.
Unknown command.
You shoot a sling bullet. The sling bullet hits Maggie.
Maggie is poisoned.
Maggie is lightly wounded.
The wall freezes Maggie!
Maggie casts a spell at you. The bolt of fire hits you!!
Casting: Frozen Ramparts (safe; 1% risk of failure)
Confirm with . or Enter, or press ? or * to list all spells.
You cannot sustain more frozen ramparts right now.
Casting: Frozen Ramparts (safe; 1% risk of failure)
Confirm with . or Enter, or press ? or * to list all spells.
A film of ice covers your body!
The wall freezes Maggie!
Maggie barely misses you.
The wall freezes Maggie!
Maggie closely misses you.
You are too injured to fight recklessly!
You are too injured to fight recklessly!
You are too injured to fight recklessly!
Fire: C) +7 sling of Zin's Inspiration {venom, rPois rC++ Int+2 Dex-3}
Press: ? - help, Q - select action, (/) - cycle Shift-Dir - straight line, f/p - Maggie
Aim: Maggie, wielding a +5 scimitar of draining and wearing +0 steam dragon scales (severely wounded, mesmerising, very poisoned, 65% to hit)
You shoot a sling bullet. The sling bullet closely misses Maggie.
The wall freezes Maggie!
Maggie gestures at you while chanting. The bolt of fire hits you!!
You die...

..........####.....#.
...................+.
........##.........##
......#.##....##.####
#######.##....##.# #
##########.##....##+####
...........####.#......#
....#.........#......# #
#@#########......#
#<...@........ ###.###.
##............ #.# ##
#.....(...... #.####
#.#!#.####### #....#
#....#.# #.##.#
.'....#.# ######.#
.#......# ##.......
........#


You could see Maggie (mesmerising, very poisoned).

Vanquished Creatures
  Joseph (D:8)
  Psyche (D:8)
  A wyvern (D:7)
  3 steam dragons
  A water moccasin (D:5)
  4 ice beasts
  3 orc warriors
  A black bear (D:3)
  2 sky beasts
  3 ogres
  A kobold brigand (D:6)
  2 bullfrogs
  2 necrophages
  A gnoll sergeant (D:7)
  2 scorpions
  3 hounds
  3 orc priests
  2 jellies
  Ijyb (D:4)
  8 orc wizards
  8 gnolls
  6 adders
  A white imp (D:7)
  A worm (D:3)
  A dart slug (D:1)
  19 orcs
  8 ball pythons
  9 endoplasms
  3 giant cockroaches
  4 goblins
  4 hobgoblins
  8 kobolds
  8 quokkas
  8 bats
  3 frilled lizards
  5 rats (D:2)
141 creatures vanquished.

Vanquished Creatures (others)
  3 plants (D:5)
3 creatures vanquished.

Grand Total: 144 creatures vanquished

Notes
Turn   | Place    | Note
-------+----------+-------------------------------------------
     0 | D:1      | safid the Merfolk Ice Elementalist began the quest for the
                  | Orb.
     0 | D:1      | Reached XP level 1. HP: 13/13 MP: 3/3
   329 | D:1      | Reached XP level 2. HP: 20/20 MP: 3/5
   620 | D:1      | Reached skill level 1 in Fighting
   766 | D:1      | Found Sangewn's Antique Armour Shop.
  1223 | D:2      | Reached XP level 3. HP: 26/26 MP: 3/6
  1349 | D:2      | Learned a level 3 spell: Frozen Ramparts
  2006 | D:2      | Reached skill level 5 in Ice Magic
  2098 | D:2      | Reached XP level 4. HP: 32/33 MP: 5/8
  2107 | D:2      | Learned a level 3 spell: Ozocubu's Armour
  2546 | D:3      | Noticed a black bear
  2564 | D:3      | HP: 1/33 [black bear (4)]
  3135 | D:3      | Found a hazy altar of Hepliaklqana.
  3270 | D:3      | Found Wodek's Armour Boutique.
  3316 | D:3      | Found a faded altar of an unknown god.
  3544 | D:3      | Killed a black bear
  3545 | D:3      | Reached skill level 1 in Poison Magic
  3545 | D:3      | Reached XP level 5. HP: 39/40 MP: 1/9
  3757 | D:4      | Noticed Ijyb
  3766 | D:4      | Killed Ijyb
  3857 | D:4      | Found an iron altar of Okawaru.
  4012 | D:4      | Reached XP level 6. HP: 47/47 MP: 7/11
  4099 | D:4      | You fall into a shaft and drop 1 floor!
  4099 | D:5      | Entered Level 5 of the Dungeon
  4156 | D:5      | Noticed a water moccasin
  4162 | D:5      | Killed a water moccasin
  4430 | D:5      | Noticed an ice beast
  4552 | D:5      | Found a staircase to the Ecumenical Temple.
  4565 | Temple   | Entered the Ecumenical Temple
  4671 | Temple   | Became a worshipper of Vehumet
  4767 | D:5      | Learned a level 4 spell: Olgreb's Toxic Radiance
  4790 | D:5      | Reached skill level 6 in Ice Magic
  4790 | D:5      | Reached XP level 7. HP: 49/53 MP: 5/12
  5681 | D:5      | Identified the +7 sling of Zin's Inspiration {venom, rPois
                  | rC++ Int+2 Dex-3}
  6185 | D:6      | Reached XP level 8. HP: 58/61 MP: 14/14
  6298 | D:6      | Identified the +5 spear "Ugoischez" {flame, *Slow rPois
                  | Int+6 SInv}
  6317 | D:6      | Reached skill level 5 in Fighting
  6354 | D:6      | Reached skill level 7 in Ice Magic
  6381 | D:6      | Reached skill level 5 in Spellcasting
  6390 | D:6      | Reached skill level 5 in Poison Magic
  6428 | D:6      | Reached * piety under Vehumet
  6428 | D:6      | Offered knowledge of Foxfire by Vehumet.
  7038 | D:7      | Reached XP level 9. HP: 65/69 MP: 15/17
  7103 | D:7      | Found an opulent altar of Gozag.
  7289 | D:7      | Reached skill level 8 in Ice Magic
  8008 | D:7      | Found a sacrificial altar of Ru.
  8008 | D:7      | Found a glowing golden altar of the Shining One.
  8304 | D:8      | Noticed Joseph
  8312 | D:8      | Killed Joseph
  8539 | D:8      | Found a blossoming altar of Fedhas.
  8615 | D:8      | Noticed Psyche
  8622 | D:8      | Killed Psyche
  8623 | D:8      | Reached XP level 10. HP: 79/79 MP: 15/20
  8763 | D:8      | Found a staircase to the Lair.
  8774 | D:8      | Reached skill level 9 in Ice Magic
  8904 | D:8      | Noticed Maggie
  8915 | D:8      | Killed from afar by Maggie

Illustrated notes

Levels and vault maps discovered:
D:1:      amcnicky_arrival_choice, layout_basic, serial_shops, shop,
          patterned_corridor
D:2:      layout_basic
D:3:      layout_rooms, mainiacjoe_overflow_24_doors, serial_shops,
          nicolae_shop_temple_entry_statues_fountains,
          shapermc_ecumenical_altar_ellora
D:4:      layout_loops_ring, cheibriados_altar_1, mainiacjoe_overflow_boulevard,
          minmay_bent, uniq_ijyb
D:5:      layout_basic, minmay_temple_entry_gardened_gates
D:6:      layout_rooms
D:7:      layout_basic, grunt_gozag_statues, gammafunk_temple_overflow_elements
D:8:      layout_basic, overflow_temple_1_default, kennysheep_little_box,
          lair_entry_dummy, serial_shops, shop_fountains, uniq_joseph,
          uniq_maggie, uniq_psyche
Temple:   nicolae_temple_two_arcs

Skill      XL: |  1  2  3  4  5  6  7  8  9 10 |
---------------+-------------------------------+-----
Fighting       | 1 2 3 4 6 7 |  7.7
Ice Magic      | 5 6 7 8 9 |  9.0
Spellcasting   | 3 4 5 6 |  6.8
Poison Magic   | 1 2 4 5 7 |  7.3
Dodging        | |  2.6
Stealth        | |  2.1

Action                   |  1- 3 |  4- 6 |  7- 9 | 10-12 || total
-------------------------+-------+-------+-------+-------++-------
Melee: Unarmed           |    34 |       |       |       ||    34
       Short sword       |     6 |    53 |       |       ||    59
       Club              |       |    23 |    19 |       ||    42
       Punch             |       |       |     1 |       ||     1
       Spear             |       |       |     1 |       ||     1
 Fire: Sling             |       |       |   156 |    22 ||   178
Throw: Dart              |       |     4 |       |       ||     4
 Cast: Freeze            |    49 |    49 |     6 |       ||   104
       Frozen Ramparts   |       |     7 |    12 |     1 ||    20
       Ozocubu's Armour  |       |     6 |     7 |     1 ||    14
  Use: Potion            |       |     1 |     1 |       ||     2
Armor: Robe              |    19 |    62 |    19 |     2 ||   102
Dodge: Dodged            |    43 |    84 |    58 |    11 ||   196
